 Dungeon Crawl Stone Soup version 0.28-a0-1447-ga5a8893891 (webtiles) character file.

Game seed: 18010519454582337449

37 derath95 the Skirmisher (level 3, -5/29 HPs)
             Began as a Demonspawn Fighter on Jan 11, 2022.
             Killed by nerve-wracking pain
             ... invoked by Jessica
              (13 damage)
             ... on level 2 of the Dungeon.
             The game lasted 00:01:59 (1053 turns).

derath95 the Skirmisher (Demonspawn Fighter)        Turns: 1053, Time: 00:01:59

Health: -5/29      AC:  7    Str: 18    XL:     3   Next: 21%
Magic:  3/3        EV:  9    Int:  9    God:
Gold:   68         SH:  4    Dex: 12    Spells: 2/2 levels left

rFire   . . .      SeeInvis .   a - +0 war axe
rCold   . . .      Faith    .   c - +0 buckler
rNeg    . . .      Spirit   .   b - +0 scale mail
rPois   .          Reflect  .   f - +0 helmet
rElec   .          Harm     .   (no cloak)
rCorr   .          Rampage  .   (no gloves)
Will    +....                   (no boots)
Stlth   ..........              (no amulet)
HPRegen 0.09/turn               g - ring of willpower
MPRegen 0.08/turn               (no ring)

@: lethally poisoned (-5 -> -32)
A: demonic touch 1
a: no special abilities


You were on level 2 of the Dungeon.
You visited 1 branch of the dungeon, and saw 2 of its levels.

You collected 68 gold pieces.

Inventory:

Hand Weapons
 a - a +0 war axe (weapon)
Armour
 b - a +0 scale mail (worn)
 c - a +0 buckler (worn)
 f - a +0 helmet (worn)
Jewellery
 g - a ring of willpower (left hand)
Scrolls
 h - a scroll of teleportation {unknown}
 i - a scroll of summoning {unknown}
 l - a scroll of noise {unknown}
Potions
 d - a potion of might
 e - a potion of berserk rage {unknown}
 j - a potion of ambrosia {unknown}
 k - a potion of curing {unknown}


   Skills:
 + Level 3.3 Fighting
 + Level 2.1(2.2) Axes
 + Level 0.5(1.4) Maces & Flails
 + Level 3.0 Armour
 + Level 3.0 Shields
 + Level 0.4 Spellcasting


You had 2 spell levels left.
You didn't know any spells.
Your spell library was empty.

Dungeon Overview and Level Annotations

Branches:
Dungeon (2/15)

Altars:

Annotations:
D:2 Jessica


Innate Abilities, Weirdness & Mutations

Your touch may inflict minor irresistible damage on your foes.


Message History

You hit the dart slug but do no damage. You hit the endoplasm but do no damage.
The endoplasm barely misses you.
The dart slug bites you but does no damage.
You hit the dart slug but do no damage. You slash the endoplasm!
You kill the endoplasm!
You block the dart slug's attack.
Your Armour skill increases to level 3!
You slash the dart slug!
You kill the dart slug!
Your Shields skill increases to level 3!
You see here a dart slug corpse.
l - a scroll labelled JOVIOMOIF
Found a stone staircase leading down.
There is a stone staircase leading down here.
Found a stone staircase leading up.
There is a stone staircase leading up here.
Jessica the Apprentice Sorceress comes into view.
She is wielding a +2 dagger of venom.
Jessica shouts!
Jessica gestures wildly while chanting.
Jessica blinks!
Jessica gestures wildly while chanting.
Jessica seems to speed up.
You barely miss Jessica.
Jessica hits you with a +2 dagger of venom.
You are poisoned.
Jessica closely misses you.
You hit Jessica.
Jessica is lightly wounded.
You feel very sick.
Jessica hits you with a +2 dagger of venom.
You are more poisoned.
Jessica hits you with a +2 dagger of venom.
You are more poisoned.
Jessica mumbles some strange words.
Jessica blinks!
* * * LOW HITPOINT WARNING * * *
You feel extremely sick. Jessica gestures at you while chanting.
Pain shoots through your body!
You die...

########## ........#
#...##.# #...##.#
##...##.#######
#...@...!......
#.....#.####### #.....#.#
#####.#.# #.#<#######
#.@........
#####.#.############# ...
..........>..........
...#####....#########.###


You could see Jessica (fast).

Vanquished Creatures
  An adder (D:2)
  A dart slug (D:2)
  6 ball pythons
  2 endoplasms
  A giant cockroach (D:1)
  2 goblins (D:1)
  2 hobgoblins (D:1)
  3 jackals (D:1)
  2 kobolds (D:1)
  A bat (D:1)
  A frilled lizard (D:1)
22 creatures vanquished.

Notes
Turn   | Place    | Note
-------+----------+-------------------------------------------
     0 | D:1      | derath95 the Demonspawn Fighter began the quest for the
                  | Orb.
     0 | D:1      | Reached XP level 1. HP: 18/18 MP: 1/1
    76 | D:1      | Gained mutation: Your touch may inflict minor irresistible
                  | damage on your foes. [demonic ancestry]
    76 | D:1      | Reached XP level 2. HP: 22/24 MP: 2/2
   942 | D:2      | Reached XP level 3. HP: 29/29 MP: 3/3
  1044 | D:2      | Noticed Jessica
  1053 | D:2      | Killed from afar by Jessica

Illustrated notes

Levels and vault maps discovered:
D:1:      dpeg_arrival_round_b, layout_basic, minmay_misc_feat_roman
D:2:      layout_basic, basic_altar, uniq_jessica

Skill      XL: |  1  2  3 |
---------------+----------+-----
Axes           | 2 |  2.1
Armour         | 3 |  3.0
Shields        | 3 |  3.0
Fighting       | |  3.3
Maces & Flails | |  0.5
Spellcasting   | |  0.4

Action                   || total
-------------------------++-------
Melee: War axe           ||    50
Armor: Scale mail        ||    31
Dodge: Dodged            ||    18
Block: Buckler           ||    11

Table legend: (Time is in decaauts)
 A = Elapsed time spent in this place.
 B = Non-inter-level travel time spent in this place.
 C = Inter-level travel time spent in this place.
 D = Time resting spent in this place.
 E = Time spent auto-exploring this place.
 F = Levels seen in this place.
 G = Mean time per level.
                   A        B        C        D        E       F      G
               +--------+--------+--------+--------+--------+-----+--------+
         Total |   1074 |   1074 |      0 |      0 |    844 |   2 |  537.0 |
       Dungeon |   1074 |   1074 |      0 |      0 |    844 |   2 |  537.0 |
               +--------+--------+--------+--------+--------+-----+--------+

Top non-repeatable levels by time:
     D:1: 915 daAuts
     D:2: 159 daAuts
